 Dungeon Crawl Stone Soup version 0.31-a0-319-g4fced400ed (webtiles) character file.

Game seed: 8758038121194745831

6479 drugrobin the Grappler (level 10, -5/83 HPs)
             Began as a Demigod Delver on July 17, 2023.
             Slain by a killer bee (8 damage)
             ... on level 8 of the Dungeon.
             The game lasted 00:35:34 (11179 turns).

drugrobin the Grappler (Demigod Delver)            Turns: 11179, Time: 00:35:34

Health: -5/83      AC:  9    Str: 25    XL:     10   Next: 41%
Magic:  13/13      EV: 12    Int: 12    God:
Gold:   395        SH:  0    Dex: 15    Spells: 8/9 levels left

rFire   . . .        b - +5 dagger (venom)
rCold   . . .        o - orb {*Rage}
rNeg    . . .        a - +0 steam dragon scales
rPois   .            Q - +2 hat
rElec   .            (no cloak)
rCorr   .            m - +0 pair of gloves
SInv    .            u - +0 pair of boots
Will    +....        (no amulet)
Stlth   +++          (no ring)
HPRegen 0.33/turn    (no ring)
MPRegen 0.13/turn

%: random rage (20%)
@: lethally poisoned (-5 -> -15), on berserk cooldown, slowed, very slow
A: high MP 1, forlorn, divine attributes
a: no special abilities


You were on level 8 of the Dungeon.
You visited 1 branch of the dungeon, and saw 8 of its levels.

You collected 395 gold pieces.

Inventory:

Hand Weapons
 b - a +5 dagger of venom (weapon)
 c - the +3 sling "Oceusm" {speed, Int+5 Dex+5}
   (You found it on level 6 of the Dungeon)

   Int:       It affects your intelligence (+5).
   Dex:       It affects your dexterity (+5).
 v - a +3 short sword
Missiles
 I - 11 poisoned darts
 K - 6 boomerangs (quivered)
 L - 7 throwing nets
 P - 3 curare-tipped darts
Armour
 a - +0 steam dragon scales (worn)
 m - a +0 pair of gloves (worn)
 o - an orb of wrath (worn)
 u - a +0 pair of boots (worn)
 F - a +0 chain mail
 J - a +0 plate armour
 N - a +0 leather armour
 Q - a +2 hat (worn)
Magical Staves
 d - a staff of cold
Wands
 f - a wand of digging (3)
 w - a wand of polymorph (5)
 D - a wand of quicksilver (11)
 O - a wand of charming (9)
 R - a wand of mindburst (15)
Scrolls
 h - 2 scrolls of vulnerability {unknown}
 i - 2 scrolls of enchant weapon {unknown}
 k - 3 scrolls of amnesia {unknown}
 l - 3 scrolls of teleportation {unknown}
 n - a scroll of blinking {unknown}
 p - 11 scrolls of identify {unknown}
 r - a scroll of butterflies {unknown}
 x - a scroll of acquirement {unknown}
 y - 5 scrolls of enchant armour {unknown}
 B - a scroll of immolation {unknown}
 C - a scroll of torment {unknown}
 E - 2 scrolls of fog
Potions
 e - 2 potions of mutation {unknown}
 g - 4 potions of heal wounds {unknown}
 j - 3 potions of lignification {unknown}
 q - a potion of berserk rage {unknown}
 s - a potion of attraction {unknown}
 t - a potion of ambrosia {unknown}
 z - a potion of haste
 A - a potion of brilliance {unknown}
 G - a potion of magic {unknown}
 H - 3 potions of might {unknown}
 M - 4 potions of curing {unknown}


   Skills:
 + Level 5.9 Fighting
 - Level 1.7 Dodging
 - Level 4.5 Stealth
 * Level 13.7 Unarmed Combat
 + Level 2.5 Evocations


You had 8 spell levels left.
You knew the following spells:

 Your Spells              Type           Power      Damage    Failure   Level
a - Summon Small Mammal   Summ           0%         N/A       32%         1

Your spell library contained the following spells:

 Spells                   Type           Power      Damage    Failure   Level
 Apportation              Tloc           0%         N/A       32%         1
 Necrotise                Necr           0%         1d4       32%         1
 Cigotuvi's Dreadful Rot  Necr/Pois/Air  0%         N/A       45%         2
 Ensorcelled Hibernation  Hex/Ice        0%         N/A       45%         2
 Passwall                 Tmut/Erth      0%         N/A       45%         2
 Static Discharge         Conj/Air       0%         2-2/arc   45%         2
 Sublimation of Blood     Necr           0%         N/A       45%         2
 Ignite Poison            Fire/Tmut/Pois 0%         N/A       69%         3
 Swiftness                Air            0%         N/A       69%         3
 Vampiric Draining        Necr           0%         2d6       69%         3
 Airstrike                Air            0%         2d(0-16)  97%         4
 Petrify                  Tmut/Erth      0%         N/A       97%         4
 Summon Lightning Spire   Summ/Air       0%         N/A       97%         4
 Agony                    Necr           0%         N/A       100%        5
 Freezing Cloud           Conj/Ice/Air   0%         6-21      100%        5
 Irradiate                Conj/Tmut      0%         3d11      100%        5


Dungeon Overview and Level Annotations

Branches:
Dungeon (8/15)             Temple (0/1) D:7            Lair (0/5) D:8

Shops:
D:7 [

Annotations:
D:3 Grinder
D:6 exclusion: upstairs
D:8 exclusion: fire crab


Innate Abilities, Weirdness & Mutations

You have an increased reservoir of magic. (+10% MP)
You shall have no god before yourself.
Your divine heritage dramatically boosts your attributes as you level up.


Message History

The killer bee barely misses you. The killer bee closely misses you.
You barely miss the killer bee.
The killer bee is heavily wounded.
You feel sick. The killer bee barely misses you. x2
The killer bee stings you but does no damage.
You hit the killer bee.
The killer bee looks as sick as possible!
The killer bee is almost dead.
You feel sick.
You kill the killer bee!
The killer bee closely misses you. x2
You barely miss the killer bee.
You feel sick.
You are no longer poisoned.
The killer bee stings you. x2; The killer bee barely misses you.
You closely miss the killer bee. The killer bee barely misses you.
The killer bee stings you. The killer bee stings you!
You miss the killer bee. The killer bee stings you. x2
* * * LOW HITPOINT WARNING * * *
You are poisoned.
The killer bee poisons you! The killer bee stings you.
* * * LOW HITPOINT WARNING * * *
You are more poisoned.
The killer bee poisons you!
You closely miss the killer bee.
You feel very sick.
The killer bee stings you but does no damage.
The killer bee stings you!
* * * LOW HITPOINT WARNING * * *
You are lethally poisoned!
The killer bee poisons you!
The killer bee stings you but does no damage.
Unknown command.
Unknown command.
You closely miss the killer bee.
* * * LOW HITPOINT WARNING * * *
You feel very sick. The killer bee stings you.
* * * LOW HITPOINT WARNING * * *
The killer bee stings you!
You die...

#....).###)#### #.
#.............# #.
#.......).....# #.#
#.............# ..
#......###.#..# #.
#......# #.#..# #.##
######## #.#..#
###..#############.#..#
#.....y@.....#.....# .##
#.##..######.#.#####..##
#...)......#.# #....
#.#.#..##..#.# ##.##
#.#........#.######.#
#.#.#..###..........#
#...#......#.######.#
###....###.#.#########
###............YY...


You could see a killer bee.

Vanquished Creatures
  Maggie (D:7)
  A slime creature (D:7)
  Sigmund (D:2)
  8 yaks
  2 steam dragons
  Grum (D:6)
  Edmund (D:5)
  A water moccasin (D:7)
  A black bear (D:5)
  A sky beast (D:5)
  2 ogres (D:5)
  3 ice beasts
  3 wolves
  4 centaurs
  4 phantoms
  A bullfrog (D:4)
  5 gnoll sergeants (D:6)
  5 scorpions
  4 wights
  A killer bee (D:8)
  An electric eel (D:6)
  5 howler monkeys
  13 hounds
  2 orc priests
  2 jellies
  2 gnoll boudas (D:6)
  3 iguanas
  A sleepcap (D:4)
  Ijyb (D:3)
  Natasha (thrice) (D:3)
  5 orc wizards
  Robin (D:2)
  30 gnolls
  11 adders
  3 shadow imps
  2 white imps
  2 worms
  6 dart slugs
  20 orcs
  5 ball pythons
  5 endoplasms
  5 giant cockroaches
  13 goblins
  11 hobgoblins
  12 jackals
  6 kobolds
  3 quokkas
  4 bats
  4 frilled lizards
  7 rats
238 creatures vanquished.

Vanquished Creatures (collateral kills)
  Jessica (D:3)
  2 endoplasms
  A hobgoblin (D:4)
  A kobold (D:2)
5 creatures vanquished.

Grand Total: 243 creatures vanquished

Notes
Turn   | Place    | Note
-------+----------+-------------------------------------------
     0 | D:5      | drugrobin the Demigod Delver began the quest for the Orb.
     0 | D:5      | Reached XP level 1. HP: 18/18 MP: 3/3
    75 | D:5      | Noticed a scorpion
   215 | D:5      | Noticed an iguana
   272 | D:5      | Noticed a centaur
   272 | D:5      | Noticed an ogre
   298 | D:5      | Noticed Edmund
   301 | D:5      | Noticed a scorpion
   303 | D:5      | Noticed an ice beast
   307 | D:5      | Noticed a hound
   314 | D:5      | Noticed a scorpion
   373 | D:4      | Reached skill level 2 in Unarmed Combat
   395 | D:3      | Noticed Grinder
   603 | D:1      | Reached XP level 2. HP: 25/25 MP: 4/4
   937 | D:1      | Reached skill level 3 in Unarmed Combat
   992 | D:1      | Learned a level 1 spell: Summon Small Mammal
  1345 | D:2      | Noticed Robin
  1356 | D:1      | Reached XP level 3. HP: 22/30 MP: 5/5
  1507 | D:2      | Noticed Sigmund
  1681 | D:2      | Reached skill level 4 in Unarmed Combat
  1794 | D:2      | Reached XP level 4. HP: 36/37 MP: 6/6
  1983 | D:2      | Killed Robin
  2267 | D:3      | Noticed Jessica
  2291 | D:4      | Reached skill level 5 in Unarmed Combat
  2291 | D:4      | Reached XP level 5. HP: 20/42 MP: 5/7
  2348 | D:3      | Killed Jessica
  2545 | D:3      | Paralysed by Grinder for 2 turns
  2596 | D:3      | Noticed Ijyb
  2844 | D:3      | Reached skill level 6 in Unarmed Combat
  3000 | D:3      | Reached XP level 6. HP: 50/50 MP: 8/8
  3330 | D:4      | Reached skill level 7 in Unarmed Combat
  3689 | D:5      | Reached XP level 7. HP: 28/56 MP: 9/9
  3698 | D:5      | Reached skill level 8 in Unarmed Combat
  4365 | D:5      | Reached skill level 9 in Unarmed Combat
  4569 | D:5      | Reached XP level 8. HP: 53/62 MP: 10/10
  4738 | D:6      | Noticed a two-headed ogre
  5011 | D:3      | Noticed Natasha
  5022 | D:3      | Killed Natasha
  5079 | D:3      | Noticed Natasha
  5083 | D:3      | Killed Natasha
  5089 | D:3      | Killed Ijyb
  5090 | D:3      | Reached skill level 10 in Unarmed Combat
  5330 | D:2      | Killed Sigmund
  5482 | D:3      | Noticed Natasha
  5487 | D:3      | Killed Natasha
  5922 | D:5      | Killed Edmund
  6915 | D:5      | Reached skill level 11 in Unarmed Combat
  7228 | D:6      | Reached XP level 9. HP: 62/68 MP: 11/11
  7349 | D:6      | Identified the +3 sling "Oceusm" {speed, Int+5 Dex+5}
  7709 | D:6      | Noticed Grum
  7717 | D:6      | Killed Grum
  7911 | D:6      | Reached skill level 12 in Unarmed Combat
  9243 | D:7      | Found Vaexop's Antique Armour Boutique.
  9269 | D:7      | Found a staircase to the Ecumenical Temple.
  9547 | D:7      | Noticed Maggie
  9559 | D:7      | Killed Maggie
  9688 | D:7      | Reached skill level 13 in Unarmed Combat
  9867 | D:7      | Reached skill level 5 in Fighting
  9996 | D:8      | Found a staircase to the Lair.
 10079 | D:8      | Reached XP level 10. HP: 45/81 MP: 11/13
 10474 | D:8      | Noticed a fire crab
 10636 | D:7      | Reached skill level 1 in Evocations
 11179 | D:8      | HP: 3/83 [killer bee (2)]
 11179 | D:8      | Slain by a killer bee

Illustrated notes

Levels and vault maps discovered:
D:1:      amcnicky_arrival_abandoned_market, layout_loops_ring,
          basic_ecumenical_altar, minmay_misc_feat_doors, hangedman_decor_points
D:2:      layout_rooms, uniq_sigmund, uniq_robin
D:3:      layout_basic, nicolae_wu_jian_wuxing_cycle, zin_academy,
          minmay_increasing_density, uniq_ijyb, uniq_grinder, uniq_natasha,
          uniq_jessica
D:4:      layout_rooms, evilmike_ruin_ashenzari, tso_metal_star
D:5:      layout_basic, eino_tiny_chamber, minmay_bent, uniq_edmund
D:6:      layout_cave_pools, serial_gnoll_camp, gnoll_camp_huts_moat,
          gnoll_camp_mini_hut, gnoll_camp_mini_doghouse, grums_kennel,
          gnoll_camp_medium_01, gnoll_camp_mini_sergeant
D:7:      layout_loops_cross, kennysheep_mini, overflow_temple_1_default,
          minmay_temple_entry_statues_fountains, serial_shops, shop,
          kennysheep_cross_room, kennysheep_nondescript, minmay_misc_feat_x,
          st_stairs_4, uniq_maggie
D:8:      layout_basic, dpeg_oklobed_lair, minmay_three_doors

Skill      XL: |  1  2  3  4  5  6  7  8  9 10 |
---------------+-------------------------------+-----
Unarmed Combat | 2 3 4 5 6 7 9 11 13 | 13.7
Fighting       | 5 |  5.9
Evocations     | 2 |  2.5
Dodging        | |  1.7
Stealth        | |  4.5

Action                     |  1- 3 |  4- 6 |  7- 9 | 10-12 || total
---------------------------+-------+-------+-------+-------++-------
  Melee: Unarmed           |   142 |   208 |   352 |    93 ||   795
         Punch             |     5 |     5 |    20 |     5 ||    35
         Dagger            |       |       |    80 |    13 ||    93
   Fire: Sling             |       |       |    68 |       ||    68
  Throw: Dart              |       |       |     1 |       ||     1
         Boomerang         |       |       |       |     2 ||     2
   Cast: Summon Small Mamm |     3 |    12 |     2 |     1 ||    18
    Use: Scroll            |     2 |       |       |       ||     2
         Potion            |     1 |       |       |       ||     1
   Stab: Sleeping          |     7 |     2 |     2 |     1 ||    12
         Distracted        |       |     1 |       |       ||     1
 Armour: Leather armour    |    39 |    67 |    11 |       ||   117
         Plate armour      |       |       |   170 |       ||   170
         Chain mail        |       |       |    22 |       ||    22
         Steam dragon scal |       |       |    17 |    22 ||    39
  Dodge: Dodged            |    82 |   142 |   156 |    62 ||   442

Table legend: (Time is in decaauts)
 A = Elapsed time spent in this place.
 B = Non-inter-level travel time spent in this place.
 C = Inter-level travel time spent in this place.
 D = Time resting spent in this place.
 E = Time spent auto-exploring this place.
 F = Levels seen in this place.
 G = Mean time per level.
                   A        B        C        D        E       F      G
               +--------+--------+--------+--------+--------+-----+--------+
         Total |  11225 |  10509 |    716 |   1964 |   5215 |   8 | 1403.1 |
       Dungeon |  11225 |  10509 |    716 |   1964 |   5215 |   8 | 1403.1 |
               +--------+--------+--------+--------+--------+-----+--------+

Top non-repeatable levels by time:
     D:5: 2764 daAuts
     D:6: 2113 daAuts
     D:3: 1408 daAuts
     D:7: 1291 daAuts
     D:1: 1078 daAuts
     D:4: 971 daAuts
     D:8: 838 daAuts
     D:2: 759 daAuts
